 Dungeon Crawl Stone Soup version 0.31-a0-981-geadf994542 (webtiles) character file.

Game seed: 17324342819915015882

1 zenocrate the Cudgeller (level 1, -1/22 HPs)
             Began as an Ogre Gladiator on Oct 31, 2023.
             Slain by a gnoll
             ... wielding a +0 flail
              (4 damage)
             ... on level 1 of the Dungeon.
             The game lasted 00:00:06 (32 turns).

zenocrate the Cudgeller (Ogre Gladiator)              Turns: 32, Time: 00:00:07

Health: -1/22      AC:  3    Str: 17    XL:     1   Next: 20%
Magic:  1/1        EV: 10    Int:  9    God:
Gold:   0          SH:  0    Dex: 10    Spells: 0/0 levels left

rFire   . . .        a - +0 flail
rCold   . . .        (no shield)
rNeg    . . .        b - +0 robe
rPois   .            c - +0 hat
rElec   .            (no cloak)
rCorr   .            (gloves unavailable)
SInv    .            (boots unavailable)
Will    .....        (no amulet)
Stlth   +            (no ring)
HPRegen 0.23/turn    (no ring)
MPRegen 0.07/turn

%: no passive effects
@: no status effects
A: large, unfitting armour, tough skin 1
a: no special abilities


You were on level 1 of the Dungeon.
You visited 1 branch of the dungeon, and saw 1 of its levels.

Inventory:

Hand Weapons
 a - a +0 flail (weapon)
Missiles
 d - 3 throwing nets (quivered)
 e - a large rock
Armour
 b - a +0 robe (worn)
 c - a +0 hat (worn)


   Skills:
 - Level 2.6 Fighting
 + Level 2.8 Maces & Flails
 - Level 2.0 Throwing
 - Level 2.6 Dodging


You couldn't memorise any spells.
You didn't know any spells.
Your spell library was empty.

Dungeon Overview and Level Annotations

Branches:
Dungeon (1/15)

Altars:


Innate Abilities, Weirdness & Mutations

You are too large for most types of armour.
You have tough skin. (AC +1)


Message History

Welcome, zenocrate the Ogre Gladiator.
Will you be the one to retrieve the sublime Orb of Zot from the depths?
Be careful!
Halloween tonight.
Press ? for a list of commands and other information.
Found 5 stones.
Found a staircase leading out of the dungeon.
Found an escape hatch in the floor.
No target in view!
You open the door.
There is an open door here.
An endoplasm comes into view.
A goblin comes into view. It is wielding a +0 dagger.
Found 2 poisoned darts.
There are monsters nearby!
There are monsters nearby!
A hobgoblin and a gnoll come into view.
Found 5 gold pieces.
The gnoll shouts!
You hear a shout! x2
An endoplasm comes into view.
A kobold comes into view. It is wielding a +0 short sword.
The endoplasm quivers.
A kobold comes into view. It is wielding a +0 short sword.
A goblin comes into view. It is wielding a +0 club.
Found a scroll labelled OTREP TOPTE.
You hit the endoplasm but do no damage. The endoplasm barely misses you.
You sock the endoplasm!
You kill the endoplasm!
There are monsters nearby!
The goblin shouts!
The endoplasm quivers.
You hit the gnoll but do no damage. The gnoll barely misses you.
The gnoll attacks as it pursues you! The gnoll closely misses you.
The gnoll attacks as it pursues you! The gnoll hits you with a +0 flail.
The gnoll attacks as it pursues you! The gnoll hits you with a +0 flail!
Ouch! That really hurt!
You hit the gnoll.
The gnoll is heavily wounded.
The gnoll hits you with a +0 flail.
* * * LOW HITPOINT WARNING * * *
The gnoll hits you with a +0 flail.
You die...

.......#..#.###.#.
.......#....K.....
.......#..#.###.#
.......#..#.#(#$#
..........#g###.#.
...........J......
#....Kg.#.###.#.
#####g#........
####@###.#..##
#..........##
#.########## #.#
#.# #.#
#######'#######
#...(.........#
#...##...##...#


You could see a gnoll, a hobgoblin and a kobold.

Vanquished Creatures
  An endoplasm (D:1)
1 creature vanquished.

Notes
Turn   | Place    | Note
-------+----------+-------------------------------------------
     0 | D:1      | zenocrate the Ogre Gladiator began the quest for the Orb.
     0 | D:1      | Reached XP level 1. HP: 22/22 MP: 1/1
    32 | D:1      | Slain by a gnoll

Illustrated notes

Levels and vault maps discovered:
D:1:      amcnicky_arrival_flooded_fountain, layout_basic,
          minmay_stone_trees_medium, minmay_surrounded

Action                     || total
---------------------------++-------
  Melee: Flail             ||     4
 Armour: Robe              ||     4
  Dodge: Dodged            ||     3

Table legend: (Time is in decaauts)
 A = Elapsed time spent in this place.
 B = Non-inter-level travel time spent in this place.
 C = Inter-level travel time spent in this place.
 D = Time resting spent in this place.
 E = Time spent auto-exploring this place.
 F = Levels seen in this place.
 G = Mean time per level.
                   A        B        C        D        E       F      G
               +--------+--------+--------+--------+--------+-----+--------+
         Total |     32 |     32 |      0 |      0 |     18 |   1 |   32.0 |
       Dungeon |     32 |     32 |      0 |      0 |     18 |   1 |   32.0 |
               +--------+--------+--------+--------+--------+-----+--------+

Top non-repeatable levels by time:
     D:1: 32 daAuts
